 Dungeon Crawl Stone Soup version 0.29.1-2-gbd0b4ee654 (webtiles) character file.

Game seed: 10765633028248910509

56 qeuew the Sneak (level 3, 0/16 HPs)
             Began as a Spriggan Enchanter on Nov 10, 2022.
             Slain by a hobgoblin (5 damage)
             ... on level 2 of the Dungeon.
             The game lasted 00:02:58 (1901 turns).

qeuew the Sneak (Spriggan Enchanter)                Turns: 1901, Time: 00:03:00

Health: 0/16       AC:  2    Str:  4    XL:     3   Next: 71%
Magic:  0/8        EV: 18    Int: 22    God:
Gold:   94         SH:  0    Dex: 17    Spells: 3/8 levels left

rFire   . . .      SeeInvis +   a - +1 dagger
rCold   + . .      Faith    .   (no shield)
rNeg    . . .      Spirit   .   b - +0 robe
rPois   .          Reflect  .   (helmet restricted)
rElec   .          Harm     .   (no cloak)
rCorr   .          Rampage  .   (gloves unavailable)
Will    .....                   (boots unavailable)
Stlth   +++.......              (no amulet)
HPRegen 0.05/turn               f - +6 ring of intelligence
MPRegen 0.11/turn               i - ring of protection from cold

@: very quick
A: very small, no large weapons, unfitting armour, see invisible, speed 3
a: no special abilities


You were on level 2 of the Dungeon.
You visited 1 branch of the dungeon, and saw 2 of its levels.

You collected 94 gold pieces.

Inventory:

Hand Weapons
 a - a +1 dagger (weapon)
Armour
 b - a +0 robe (worn)
Jewellery
 f - a +6 ring of intelligence (left hand)
 i - a ring of protection from cold (right hand)
Scrolls
 d - 4 scrolls of identify {unknown}
 h - a scroll of vulnerability {unknown}
Potions
 c - 2 potions of invisibility
 e - a potion of haste
 g - a potion of brilliance {unknown}


   Skills:
 + Level 2.0 Short Blades
 + Level 3.3 Dodging
 + Level 5.1 Stealth
 + Level 3.3 Spellcasting
 + Level 4.1 Hexes


You had 3 spell levels left.
You knew the following spells:

 Your Spells              Type           Power      Damage    Failure   Level
a - Ensorcelled Hibernat  Hex/Ice        24%        N/A       8%          2
b - Tukima's Dance        Hex            22%        N/A       6%          3

Your spell library contained the following spells:

 Spells                   Type           Power      Damage    Failure   Level
 Confusing Touch          Hex            22%        N/A       6%          3
 Dazzling Flash           Conj/Hex       24%        N/A       16%         3
 Ignite Poison            Fire/Tmut/Pois 3%         N/A       36%         3
 Mephitic Cloud           Conj/Pois/Air  3%         N/A       36%         3
 Freezing Cloud           Conj/Ice/Air   1%         6-21      98%         5


Dungeon Overview and Level Annotations

Branches:
Dungeon (2/15)

Altars:

Shops:
D:1 (


Innate Abilities, Weirdness & Mutations

You are very small and have problems with some larger weapons.
You are too small for most types of armour.
You have supernaturally acute eyesight. (SInv)
You cover ground extremely quickly. (Speed+++)


Message History

The quokka resists with significant effort.
The quokka bites you.
The rat twitches its whiskers.
You don't have enough magic to cast this spell.
You hit the quokka but do no damage. The quokka closely misses you.
The rat bites you.
You hit the quokka.
The quokka is moderately wounded.
The quokka barely misses you. The rat closely misses you.
You miss the quokka.
The quokka is lightly wounded.
The quokka completely misses you.
You completely miss the quokka.
The quokka is lightly wounded.
The rat barely misses you. The quokka misses you.
You barely miss the quokka.
The quokka is lightly wounded.
The rat misses you. The quokka misses you.
You barely miss the quokka.
The quokka is lightly wounded.
The quokka bites you. The rat barely misses you.
You hit the quokka.
The quokka is severely wounded.
The quokka misses you. The rat completely misses you.
You hit the quokka.
You kill the quokka!
The rat misses you.
You hit the rat but do no damage. The rat misses you.
You hit the rat.
The rat is heavily wounded.
The rat closely misses you.
You hit the rat.
You kill the rat!
You are too injured to fight recklessly!
Aiming: Ensorcelled Hibernation (safe; 8% risk of failure)
Press: ? - help, Q - select action Shift-Dir - straight line, f - hobgoblin
Aim: a hobgoblin (chance to affect: 63%)
The hobgoblin resists with significant effort.
The hobgoblin hits you.
You die...

P#.##........ ......
##.#.#.#.#.#.#.#.#.#.#
#.....................
#..#.#.#.#.#.#.#.#.#.#.
#.....................
#.#.#.#.#.#.#.#.#.#.#.
#.............†!......
♣#..#.#.#.#.#.#†#.#.#.#.
...#............@......#
♣..#.#.#.#.#.#.#g#.#.#..
##.##................
#.##.#.#.#.#.#.#.#.#..
♣♣###............. .#
#.#.#.#.#.#.#.# #
#.......... ..
...#.#.#.# #.. ... ....


You could see a hobgoblin.

Vanquished Creatures
  2 adders (D:2)
  A worm (D:2)
  2 dart slugs (D:1)
  4 bats
  2 endoplasms (D:1)
  3 hobgoblins
  A quokka (D:2)
  2 ball pythons
  A frilled lizard (D:1)
  3 goblins (D:1)
  6 kobolds
  7 rats
34 creatures vanquished.

Vanquished Creatures (others)
  4 plants (D:2)
4 creatures vanquished.

Grand Total: 38 creatures vanquished

Notes
Turn   | Place    | Note
-------+----------+-------------------------------------------
     0 | D:1      | qeuew the Spriggan Enchanter began the quest for the Orb.
     0 | D:1      | Reached XP level 1. HP: 9/9 MP: 5/5
    17 | D:1      | Found Domat's Antique Weapon Emporium.
   135 | D:1      | Reached XP level 2. HP: 13/13 MP: 6/6
   168 | D:1      | Learned a level 2 spell: Ensorcelled Hibernation
  1307 | D:1      | Reached XP level 3. HP: 16/16 MP: 8/8
  1472 | D:2      | Learned a level 3 spell: Tukima's Dance
  1883 | D:2      | Reached skill level 5 in Stealth
  1901 | D:2      | Slain by a hobgoblin

Illustrated notes

Levels and vault maps discovered:
D:1:      elethiomel_arrival_shortcut, layout_loops_ring,
          serial_co_window_serial, co_window_paths_a, co_window_paths_a,
          co_window_corner_a, co_window_corner_a, co_window_paths_b,
          co_window_paths_c, co_window_cross_2, co_window_cross_3,
          co_window_corner_b, co_window_corner_cb, co_window_broadway_c,
          co_window_paths_d, glass_columns_a, glass_columns_b, glass_columns_a,
          glass_columns_c, glass_columns_b, serial_shops, shop
D:2:      layout_loops_ring, serial_forest, infiniplex_forest_diagonal,
          infiniplex_forest_lined_room_2, infiniplex_forest_clump_medium,
          infiniplex_forest_split, infiniplex_forest_zigzag_1,
          infiniplex_forest_end_3, infiniplex_forest_lined_corner,
          hangedman_abyss_or_decor_stabs, hex_large, hangedman_decor_slide_cut

Skill      XL: |  1  2  3 |
---------------+----------+-----
Dodging        | 3 |  3.3
Spellcasting   | 3 |  3.3
Hexes          | 4 |  4.1
Stealth        | 5 |  5.1
Short Blades   | 2 |  2.0

Action                   || total
-------------------------++-------
Melee: Dagger            ||    88
 Cast: Ensorcelled Hiber ||    19
  Use: Potion            ||     4
       Scroll            ||     1
 Stab: Sleeping          ||    17
Armor: Robe              ||     5
Dodge: Dodged            ||    77
